 Dungeon Crawl Stone Soup version 0.28-a0-21-gf74fda84f9 (webtiles) character file.

Game seed: 15580313132429715510

17 sizableburger the Vexing (level 2, -3/28 HPs)
             Began as an Ogre Arcane Marksman on July 27, 2021.
             Killed by nerve-wracking pain
             ... invoked by Jessica
              (10 damage)
             ... on level 2 of the Dungeon.
             The game lasted 00:02:03 (1722 turns).

sizableburger the Vexing (Ogre Arcane Marksman)     Turns: 1722, Time: 00:02:03

Health: -3/28      AC:  3    Str: 13    XL:     2   Next: 62%
Magic:  0/3        EV:  9    Int: 14    God:
Gold:   9          SH:  0    Dex:  9    Spells: 2/3 levels left

rFire   . . .      SeeInvis .   e - +0 halberd
rCold   . . .      Faith    .   (shield currently unavailable)
rNeg    . . .      Spirit   +   a - +0 robe
rPois   .          Reflect  .   (helmet restricted)
rElec   .          Harm     .   (no cloak)
rCorr   .          Rampage  .   (gloves unavailable)
Will    .....                   (boots unavailable)
Stlth   +.........              g - amulet of guardian spirit
HPRegen 0.09/turn               (no ring)
MPRegen 0.08/turn               (no ring)

@: slowed, very slow
A: large, unfitting armour, tough skin 1
a: no special abilities


You were on level 2 of the Dungeon.
You visited 1 branch of the dungeon, and saw 2 of its levels.

You collected 9 gold pieces.

Inventory:

Hand Weapons
 e - a +0 halberd (weapon)
Missiles
 b - 3 large rocks (quivered)
 c - 2 throwing nets
Armour
 a - a +0 robe (worn)
Jewellery
 g - an amulet of guardian spirit (around neck)
Scrolls
 d - a scroll of vulnerability {unknown}
 f - a scroll of teleportation {unknown}
 j - a scroll of identify {unknown}
 k - a scroll of fear {unknown}
Potions
 h - a potion of lignification {unknown}
 i - a potion of curing {unknown}


   Skills:
 + Level 2.1 Fighting
 + Level 1.0 Polearms
 + Level 2.3 Throwing
 - Level 1.7 Dodging
 - Level 1.2 Spellcasting
 - Level 2.8 Hexes


You had 2 spell levels left.
You knew the following spells:

 Your Spells              Type           Power      Damage    Failure   Level
a - Corona                Hex            8%         N/A       9%          1

Your spell library contained the following spells:

 Spells                   Type           Power      Damage    Failure   Level
 Slow                     Hex            8%         N/A       12%         2
 Inner Flame              Hex/Fire       4%         N/A       41%         3
 Portal Projectile        Hex/Tloc       8%         N/A       41%         3
 Cause Fear               Hex            4%         N/A       63%         4


Dungeon Overview and Level Annotations

Branches:
Dungeon (2/15)

Altars:

Annotations:
D:2 Jessica


Innate Abilities, Weirdness & Mutations

You are too large for most types of armour.
You have tough skin. (AC +1)


Message History

You are too injured to fight recklessly!
You are too injured to fight recklessly!
You are too injured to fight recklessly!
You are too injured to fight recklessly!
You are too injured to fight recklessly!
You are too injured to fight recklessly!
You are too injured to fight recklessly!
You are too injured to fight recklessly!
You are too injured to fight recklessly!
You are too injured to fight recklessly!
You are too injured to fight recklessly!
You are too injured to fight recklessly!
You are too injured to fight recklessly!
You are too injured to fight recklessly!
You are too injured to fight recklessly!
Unknown command.
You hit Jessica but do no damage.
Jessica is heavily wounded.
Jessica gestures at you while chanting.
You feel yourself slow down. Jessica hits you with a +0 dagger.
The dart slug launches a dart at you. The slug dart hits you.
You closely miss Jessica.
Jessica is heavily wounded.
Jessica closely misses you. Jessica barely misses you. The dart slug bites you.
Jessica shouts, "You're disturbing me!
I'll have to kill you!" Jessica hits you with a +0 dagger.
The dart slug bites you but does no damage.
You hit Jessica.
Jessica is almost dead.
Jessica completely misses you.
Jessica points at you and mumbles some strange words.
Pain shoots through your body!
* * * LOW HITPOINT WARNING * * *
Jessica barely misses you. The dart slug launches a dart at you.
The slug dart misses you. Jessica casts a spell at you.
Pain shoots through your body!
You die...

#..# #.# #.#..# #.#
#.#..# ####.##### #.#..#
#....#....
#.#..#####.........
####..........####.###
#(......#.###.# #.# #
#.#(.w..#.# #.# #<###
#...@@....# #.# ##.#..
#.........###.###....#
#..........#...#.....#
#..............#...†....
###.........)#...#.....#
####..#######..##.....
#..# #.###.#.# ##.# #.#
###.# #.# #.#


You could see a dart slug and Jessica (fast).

Vanquished Creatures
  2 ball pythons
  2 bats (D:1)
  2 endoplasms (D:1)
  2 giant cockroaches (D:1)
  A hobgoblin (D:1)
  3 frilled lizards
  A kobold (D:1)
  3 rats (D:1)
16 creatures vanquished.

Notes
Turn   | Place    | Note
-------+----------+-------------------------------------------
     0 | D:1      | sizableburger the Ogre Arcane Marksman began the quest for
                  | the Orb.
     0 | D:1      | Reached XP level 1. HP: 19/19 MP: 2/2
   517 | D:1      | Reached XP level 2. HP: 24/28 MP: 3/3
   980 | D:1      | Found a faded altar of an unknown god.
  1563 | D:2      | Reached skill level 1 in Polearms
  1714 | D:2      | Noticed Jessica
  1722 | D:2      | Killed from afar by Jessica

Illustrated notes

Levels and vault maps discovered:
D:1:      heliophobic_arrival_ceremonial_halls, layout_loops_corners,
          shapermc_ecumenical_altar_ellora
D:2:      layout_loops_ring, uniq_jessica, uniq_natasha

Skill      XL: |  1  2 |
---------------+-------+-----
Fighting       | 2 |  2.1
Polearms       | 1 |  1.0
Throwing       | |  2.3
Dodging        | |  1.7
Spellcasting   | |  1.2
Hexes          | |  2.8

Action                   || total
-------------------------++-------
Melee: Unarmed           ||    25
       Halberd           ||    71
Throw: Large rock        ||     1
 Stab: Sleeping          ||     1
Armor: Robe              ||    38
Dodge: Dodged            ||    73

Table legend: (Time is in decaauts)
 A = Elapsed time spent in this place.
 B = Non-inter-level travel time spent in this place.
 C = Inter-level travel time spent in this place.
 D = Time resting spent in this place.
 E = Time spent auto-exploring this place.
 F = Levels seen in this place.
 G = Mean time per level.
                   A        B        C        D        E       F      G
               +--------+--------+--------+--------+--------+-----+--------+
         Total |   1755 |   1604 |    151 |    322 |   1020 |   2 |  877.5 |
       Dungeon |   1755 |   1604 |    151 |    322 |   1020 |   2 |  877.5 |
               +--------+--------+--------+--------+--------+-----+--------+

Top non-repeatable levels by time:
     D:1: 1572 daAuts
     D:2: 182 daAuts
